 Dungeon Crawl Stone Soup version 0.26-a0-651-gb41185065b (webtiles) character file.

Game seed: 5444574463616807178

4155 Flugslaktarn the Cleaver (level 10, -2/96 HPs)
             Began as a Deep Dwarf Fighter on Oct 11, 2020.
             Was a Priest of Makhleb.
             Slain by a two-headed ogre
             ... wielding a +0 giant spiked club
              (11 damage)
             ... on level 9 of the Dungeon.
             The game lasted 00:03:25 (4366 turns).

Flugslaktarn the Cleaver (Deep Dwarf Fighter)       Turns: 4366, Time: 00:03:25

Health: -2/96      AC: 17    Str: 20    XL:     10   Next: 7%
Magic:  4/4        EV:  6    Int:  9    God:    Makhleb [***...]
Gold:   128        SH: 10    Dex: 15    Spells: 9/9 levels left

rFire    . . .     SeeInvis .   a - +1 war axe
rCold    + . .     Faith    .   k - +0 kite shield
rNeg     . . .     Spirit   .   o - +1 plate armour
rPois    .         Reflect  .   n - +2 helmet
rElec    .         Harm     .   (no cloak)
rCorr    .         Rampage  .   (no gloves)
MR       ++...                  (no boots)
Stlth    ..........             (no amulet)
HPRegen  0.00/turn              c - ring of protection from cold
MPRegen  0.09/turn              m - ring of protection from magic

@: non-regenerating
A: damage resistance, heal wounds, sense surroundings 2, no regeneration
a: Heal Wounds, Minor Destruction, Lesser Servant of Makhleb, Renounce Religion


You were on level 9 of the Dungeon.
You worshipped Makhleb.
Makhleb was most pleased with you.
You visited 2 branches of the dungeon, and saw 10 of its levels.

You collected 293 gold pieces.
You spent 165 gold pieces at shops.

Inventory:

Hand Weapons
 a - a +1 war axe (weapon)
Armour
 k - a +0 kite shield (worn)
 n - a +2 helmet (worn)
   (You bought it in a shop on level 4 of the Dungeon)
 o - a +1 plate armour (worn)
   (You found it on level 7 of the Dungeon)
Jewellery
 c - a ring of protection from cold (left hand)
   (You found it on level 7 of the Dungeon)
 m - a ring of protection from magic (right hand)
   (You found it on level 4 of the Dungeon)
Scrolls
 b - a scroll of blinking {unknown}
 d - a scroll of summoning {unknown}
 e - 2 scrolls of enchant armour
 f - a scroll of teleportation {unknown}
 g - 3 scrolls of silence {unknown}
 l - a scroll of torment {unknown}
 r - 3 scrolls of identify
 x - 3 scrolls of remove curse
Potions
 h - 2 potions of haste
 i - a potion of mutation
 j - a potion of invisibility {unknown}


   Skills:
 * Level 7.7 Fighting
 * Level 8.9 Axes
 + Level 6.9 Armour
 + Level 5.4 Dodging
 - Level 4.0 Shields
 + Level 6.6 Invocations


You had 9 spell levels left.
You didn't know any spells.
Your spell library was empty.

Dungeon Overview and Level Annotations

Branches:
Dungeon (9/15)             Temple (1/1) D:4            Lair (0/6) D:9
    Orc: D:9-12

Altars:
Cheibriados
Dithmenos
Elyvilon
Fedhas
Gozag
Hepliaklqana
Kikubaaqudgha
Makhleb
Nemelex Xobeh
Okawaru
Qazlal
Ru
Sif Muna
Trog
Vehumet
Wu Jian
Xom
The Shining One

Shops:
D:4 *

Annotations:
D:7 1 runed translucent door


Innate Abilities, Weirdness & Mutations

You are resistant to damage.
You can heal yourself by infusing magical energy.
You passively map the area around you.
You do not regenerate.


Message History

Your quasit disappears in a puff of smoke!
You block the two-headed ogre's attack. x2
You slash the two-headed ogre!
The two-headed ogre is heavily wounded.
You hit the yak but do no damage. Your neqoxec hits the yak.
You hit the two-headed ogre.
The two-headed ogre is heavily wounded.
You barely miss the yak. The yak gores you!
The two-headed ogre hits you with a +0 giant spiked club!!
* * * LOW HITPOINT WARNING * * *
The two-headed ogre hits you with a +0 giant spiked club!
* * * LOW HITPOINT WARNING * * *
Your neqoxec hits the yak. The yak barely misses your neqoxec.
You are too injured to fight recklessly!
You are too injured to fight recklessly!
You feel much better.
The two-headed ogre hits you with a +0 giant spiked club!!
* * * LOW HITPOINT WARNING * * *
The two-headed ogre hits you with a +0 giant spiked club!
You die...

, , , ..... , , *
,,,..... , , , , **
*#... #..# * * * #..#
#..#
#########..#############
...........<..tY3......#
.............lYO@......#
............##########.#
............# ,*
...>........# ** ,*
.............. , , ,
............... ,
................, ,*
#..###.######### * *
#..# .#


You could see a two-headed ogre, 2 yaks, a crocodile (misshapen), an iguana and
a friendly neqoxec (summoned).

Vanquished Creatures
  A queen ant (D:8)
  2 yaks (D:9)
  6 soldier ants (D:8)
  A black bear (D:6)
  2 orc warriors
  2 ice beasts
  2 centaurs
  2 ogres
  6 bullfrogs
  A scorpion (D:8)
  A howler monkey (D:7)
  A wight (D:7)
  2 jellies
  2 orc priests (D:6)
  A bullfrog skeleton (D:7)
  6 hounds
  A centaur skeleton (D:5)
  3 iguanas
  3 orc wizards
  20 worker ants
  5 adders
  A white imp (D:8)
  3 ufetubi
  4 worms
  A dart slug (D:1)
  3 leopard geckos
  20 orcs
  3 bats
  3 giant cockroaches
  3 goblins
  A hobgoblin (D:1)
  12 jackals
  A kobold (D:2)
  4 quokkas
  4 ball pythons
  A ball python skeleton (D:4)
  3 frilled lizards
  A leopard gecko skeleton (D:4)
  A leopard gecko zombie (D:5)
  6 rats
145 creatures vanquished.

Vanquished Creatures (collateral kills)
  A yak (D:9)
  A crocodile (D:9)
2 creatures vanquished.

Vanquished Creatures (others)
  2 orcs (D:4)
  A leopard gecko skeleton (D:4)
  A fungus (D:9)
  13 plants
17 creatures vanquished.

Grand Total: 164 creatures vanquished

Notes
Turn   | Place    | Note
-------+----------+-------------------------------------------
     0 | D:1      | Flugslaktarn the Deep Dwarf Fighter began the quest for the
                  | Orb.
     0 | D:1      | Reached XP level 1. HP: 20/20 MP: 1/1
   176 | D:1      | Reached XP level 2. HP: 27/27 MP: 2/2
   303 | D:4      | Reached skill level 3 in Axes
   303 | D:4      | Reached XP level 3. HP: 21/34 MP: 3/3
   354 | D:4      | Reached XP level 4. HP: 40/42 MP: 4/4
   377 | D:4      | Found a radiant altar of Vehumet.
   424 | D:4      | Reached XP level 5. HP: 24/50 MP: 5/5
   505 | D:4      | Found a staircase to the Ecumenical Temple.
   522 | D:4      | Reached skill level 4 in Axes
   530 | Temple   | Entered the Ecumenical Temple
   817 | Temple   | Became a worshipper of Makhleb the Destroyer
   897 | D:4      | Found Cangini Jusi's General Store.
   946 | D:4      | Noticed an ogre
   952 | D:4      | Killed an ogre
   952 | D:4      | Reached skill level 1 in Invocations
   952 | D:4      | Reached XP level 6. HP: 29/57 MP: 6/6
  1200 | D:4      | Noticed a moth of wrath
  1203 | D:4      | Found a bloodstained altar of Trog.
  1303 | D:4      | Reached skill level 1 in Dodging
  1367 | D:5      | Entered Level 5 of the Dungeon
  1572 | D:5      | Reached * piety under Makhleb
  1618 | D:5      | Reached skill level 5 in Axes
  1618 | D:5      | Reached XP level 7. HP: 36/66 MP: 7/7
  2037 | D:6      | Reached skill level 5 in Fighting
  2073 | D:6      | Reached skill level 5 in Armour
  2352 | D:6      | Found a hazy altar of Hepliaklqana.
  2397 | D:6      | Reached skill level 6 in Axes
  2397 | D:6      | Reached XP level 8. HP: 51/75 MP: 5/5
  2476 | D:6      | Found a shimmering blue altar of Sif Muna.
  2698 | D:7      | Found a runed translucent door.
  2739 | D:7      | Reached ** piety under Makhleb
  2773 | D:7      | Noticed a sixfirhy
  2776 | D:7      | Found an opulent altar of Gozag.
  3123 | D:7      | Found a shadowy altar of Dithmenos.
  3190 | D:7      | Reached skill level 7 in Axes
  3343 | D:8      | Gained mutation: You passively map the area around you.
                  | [Deep Dwarf growth]
  3343 | D:8      | Reached XP level 9. HP: 65/85 MP: 7/7
  3350 | D:8      | Reached skill level 5 in Invocations
  3476 | D:4      | Bought a +2 helmet for 165 gold pieces
  3691 | D:8      | Noticed a queen ant
  3715 | D:8      | HP: 3/85 [poisoned by a queen ant]
  3724 | D:8      | Killed a queen ant
  3724 | D:8      | Reached skill level 8 in Axes
  3724 | D:8      | Reached skill level 5 in Dodging
  3742 | D:8      | Reached *** piety under Makhleb
  4327 | D:9      | Noticed a two-headed ogre
  4353 | D:9      | Reached XP level 10. HP: 42/96 MP: 4/4
  4365 | D:9      | HP: 4/96 [two-headed ogre/+0 giant spiked club (5)]
  4366 | D:9      | Slain by a two-headed ogre

Illustrated notes

Levels and vault maps discovered:
D:1:      saegor_arrival_under_anarchy, layout_basic, minmay_pentomino_x4
D:2:      layout_rooms
D:3:      layout_loops_ring, minitemple, chequers_jeans, minmay_misc_feat_x
D:4:      layout_loops_ring, fiery_altar_vehumet, minmay_temple_entry_junction,
          serial_shops, shop, tgw_trog
D:5:      layout_rooms, chequers_big_river
D:6:      layout_basic, kennysheep_little_box, kennysheep_mini_moat
D:7:      cheibrodos_shockbox, layout_rooms, kennysheep_mini,
          nicolae_gozag_seed_capital
D:8:      layout_gridville, minmay_another_anthill
D:9:      layout_long_grid, minmay_lair_entry_grove, hiddenorc2_lemuel
Temple:   oiseaux_autumnal_temple

Skill      XL: |  1  2  3  4  5  6  7  8  9 |
---------------+----------------------------+-----
Fighting       | 3 4 5 6 7 |  7.7
Axes           | 3 4 5 6 7 8 |  8.9
Armour         | 4 5 6 |  6.9
Shields        | 4 |  4.0
Invocations    | 1 2 3 4 6 |  6.6
Dodging        | 1 2 4 5 |  5.4

Action                   |  1- 3 |  4- 6 |  7- 9 | 10-12 || total
-------------------------+-------+-------+-------+-------++-------
Melee: War axe           |    78 |   154 |   398 |    11 ||   641
Invok: Lesser Servant of |       |       |     2 |       ||     2
 Abil: Heal Wounds       |     1 |     3 |    24 |     1 ||    29
  Use: Scroll            |       |       |    13 |       ||    13
       Potion            |       |       |     3 |       ||     3
 Stab: Distracted        |       |       |       |     1 ||     1
Armor: Scale mail        |    47 |    66 |    65 |       ||   178
       Plate armour      |       |       |   168 |     5 ||   173
Dodge: Dodged            |    41 |    44 |   143 |     6 ||   234
Block: Kite shield       |    58 |    77 |   218 |     4 ||   357

Table legend: (Time is in decaauts)
 A = Elapsed time spent in this place.
 B = Non-inter-level travel time spent in this place.
 C = Inter-level travel time spent in this place.
 D = Time resting spent in this place.
 E = Time spent auto-exploring this place.
 F = Levels seen in this place.
 G = Mean time per level.
                   A        B        C        D        E       F      G
               +--------+--------+--------+--------+--------+-----+--------+
         Total |   4567 |   4209 |    358 |      0 |   2967 |  10 |  456.7 |
       Dungeon |   4256 |   3946 |    310 |      0 |   2707 |   9 |  472.9 |
        Temple |    310 |    262 |     48 |      0 |    260 |   1 |  310.0 |
               +--------+--------+--------+--------+--------+-----+--------+

Top non-repeatable levels by time:
     D:8: 913 daAuts
     D:4: 904 daAuts
     D:6: 846 daAuts
     D:7: 687 daAuts
     D:5: 532 daAuts
  Temple: 310 daAuts
     D:1: 206 daAuts
     D:2: 90 daAuts
     D:9: 56 daAuts
     D:3: 19 daAuts
